 Dungeon Crawl Stone Soup version 0.29-a0-284-gf9362112df (webtiles) character file.

Game seed: 14539943810585114766

2871 sammy202020 the Cleaver (level 9, 0/124 HPs)
             Began as a Minotaur Cinder Acolyte on Mar 23, 2022.
             Was a Follower of Trog.
             Slain by a fire elemental (8 damage)
             ... created by the fiery vengeance of Ignis
             ... on level 7 of the Dungeon.
             The game lasted 00:12:41 (7356 turns).

sammy202020 the Cleaver (Minotaur Cinder Acolyte)   Turns: 7356, Time: 00:12:42

Health: 0/124      AC: 16    Str: 21    XL:     9   Next: 47%
Magic:  9/9        EV:  8    Int: 11    God:    Trog [*.....]
Gold:   257        SH:  0    Dex: 11    Spells: 10/10 levels left

rFire   . . .      SeeInvis .   a - +0 hand axe (flame)
rCold   . . .      Faith    .   (no shield)
rNeg    . . .      Spirit   .   c - +0 plate armour
rPois   .          Reflect  .   (helmet restricted)
rElec   .          Harm     .   o - +0 cloak
rCorr   .          Rampage  .   i - +0 pair of gloves
Will    +....                   (no boots)
Stlth   ..........              (no amulet)
HPRegen 0.30/turn               e - ring of willpower
MPRegen 0.11/turn               t - ring "Onni" {Fly rF+ Str+3}

@: mighty, berserking, flying, fire susceptible, very quick
A: horns 2, retaliatory headbutt
a: Renounce Religion, Berserk


You were on level 7 of the Dungeon.
You worshipped Trog.
Trog was aware of your devotion.
You visited 2 branches of the dungeon, and saw 8 of its levels.

You collected 257 gold pieces.

Inventory:

Hand Weapons
 a - a +0 hand axe of flaming (weapon)
Missiles
 d - 24 poisoned darts (quivered)
 l - 5 curare-tipped darts
 q - 4 atropa-tipped darts
 v - 2 boomerangs
Armour
 c - a +0 plate armour (worn)
 i - a +0 pair of gloves (worn)
 o - a +0 cloak (worn)
Jewellery
 e - a ring of willpower (left hand)
 t - the ring "Onni" (right hand) {Fly rF+ Str+3}
   (You took it off an orc on level 4 of the Dungeon)

   [ring of flight]

   Str:       It affects your strength (+3).
   rF:        It protects you from fire.
   Fly:       It grants you flight.
 u - a +4 ring of protection
 x - an amulet of faith
Wands
 b - a wand of iceblast (21)
 r - a wand of digging (5)
 w - a wand of flame (26)
Scrolls
 f - 2 scrolls of teleportation
 h - a scroll of fear
 m - a scroll of amnesia
 n - 3 scrolls of identify
Potions
 j - a potion of magic
 k - a potion of mutation
 p - a potion of curing {unknown}
 s - 2 potions of brilliance
 z - a potion of invisibility {unknown}


   Skills:
 * Level 9.2 Fighting
 * Level 9.2 Axes
 * Level 8.3 Armour
 + Level 5.1 Dodging
 - Level 1.0 Spellcasting
 - Level 2.1 Fire Magic


You had 10 spell levels left.
You didn't know any spells.
Your spell library contained the following spells:

 Spells                   Type           Power      Damage    Failure   Level
 Scorch                   Fire           10%        2d5       98%         2
 Sandblast                Erth           0%         2d4       99%         1
 Passwall                 Tmut/Erth      0%         N/A       100%        2
 Gell's Gravitas          Tloc           0%         N/A       100%        3
 Lesser Beckoning         Tloc           0%         N/A       100%        3
 Stone Arrow              Conj/Erth      0%         3d7       100%        3
 Teleport Other           Tloc           0%         N/A       100%        3


Dungeon Overview and Level Annotations

Branches:
Dungeon (7/15)             Temple (1/1) D:5

Altars:
Ashenzari
Cheibriados
Elyvilon
Kikubaaqudgha
Makhleb
Nemelex Xobeh
Qazlal
Ru
Sif Muna
Trog
Uskayaw
Wu Jian
Xom
Yredelemnul
Zin

Shops:
D:1 *   D:2 (


Innate Abilities, Weirdness & Mutations

You have a pair of horns on your head.
You reflexively headbutt those who attack you in melee.


Message History

You closely miss the fire elemental.
The fire elemental is severely damaged.
You hit the fire elemental but do no damage.
The fire elemental hits you. The fire elemental burns you!
The fire elemental hits you. The fire elemental burns you!
You are too injured to fight recklessly!
You are too injured to fight recklessly!
You are too injured to fight recklessly!
You are too injured to fight recklessly!
You are too injured to fight recklessly!
You are too injured to fight recklessly!
You are too injured to fight recklessly!
You are too injured to fight recklessly!
You are too injured to fight recklessly!
You are too injured to fight recklessly!
You are too injured to fight recklessly!
You are too injured to fight recklessly!
You are too injured to fight recklessly!
You are too injured to fight recklessly!
Unknown command.
Okay, then.
You feel very mighty all of a sudden. The fire elemental hits you.
The fire elemental burns you!
* * * LOW HITPOINT WARNING * * *
The fire elemental hits you. The fire elemental burns you!
* * * LOW HITPOINT WARNING * * *
Okay, then.
A red film seems to cover your vision as you go berserk!
You feel yourself moving faster!
You feel mighty! The fire elemental closely misses you.
You furiously retaliate!
You headbutt the fire elemental!
You destroy the fire elemental!
That felt strangely unrewarding.
The fire elemental hits you. The fire elemental burns you!
* * * LOW HITPOINT WARNING * * *
You slash the fire elemental!
The fire elemental is heavily damaged.
You hit the fire elemental. The fire elemental hits you.
The fire elemental burns you!
You die...

# #. ##+## #. ##...##
#####.##### ##.....##
#.......E○###.......##
##..@#°##.........###
#....E)†'.........'..
##...#.##.........###
##.##.###.......## #.
#.# ##.....## .. ..#
##...## ##. ### ##+##
#. ..


You could see 2 fire elementals.

Vanquished Creatures
  A two-headed ogre (D:6)
  Pikel (D:5)
  4 fire elementals (D:7)
  An ice beast (D:6)
  An orc warrior (D:7)
  An ogre (D:6)
  2 centaurs
  3 phantoms
  3 kobold brigands
  A necrophage (D:6)
  A scorpion (D:7)
  A howler monkey (D:5)
  A crimson imp (D:5)
  Crazy Yiuf (D:3)
  2 hounds
  4 orc priests
  3 jellies
  4 orc wizards
  3 iguanas
  Robin (D:2)
  12 gnolls
  3 adders
  2 white imps
  An ufetubus (D:5)
  2 worms
  6 dart slugs
  21 orcs
  9 ball pythons
  8 endoplasms
  2 giant cockroaches (D:1)
  13 goblins
  9 hobgoblins
  2 jackals (D:1)
  5 quokkas
  3 bats
  2 frilled lizards (D:1)
  25 kobolds
  6 rats
170 creatures vanquished.

Vanquished Creatures (others)
  12 foxfires (D:5)
  2 plants (D:6)
14 creatures vanquished.

Grand Total: 184 creatures vanquished

Notes
Turn   | Place    | Note
-------+----------+-------------------------------------------
     0 | D:1      | sammy202020 the Minotaur Cinder Acolyte began the quest for
                  | the Orb.
     0 | D:1      | Reached XP level 1. HP: 19/19 MP: 1/1
   399 | D:1      | Reached XP level 2. HP: 22/27 MP: 2/2
   400 | D:1      | Reached skill level 1 in Armour
   556 | D:1      | Found Ovaa's Assorted Antiques.
   888 | D:1      | Reached XP level 3. HP: 33/33 MP: 3/3
  1309 | D:2      | Found a faded altar of an unknown god.
  1314 | D:2      | Reached skill level 1 in Dodging
  1378 | D:2      | Noticed Robin
  1396 | D:2      | Killed Robin
  1596 | D:2      | Reached XP level 4. HP: 41/41 MP: 4/4
  1828 | D:2      | Found Gungu's Antique Weapon Shoppe.
  1943 | D:3      | Noticed a kobold brigand
  1962 | D:3      | Killed a kobold brigand
  1963 | D:3      | Reached skill level 5 in Fighting
  1963 | D:3      | Reached XP level 5. HP: 28/48 MP: 5/5
  2013 | D:3      | Reached skill level 5 in Axes
  2320 | D:3      | Reached XP level 6. HP: 54/54 MP: 6/6
  2693 | D:3      | Found a runed translucent door.
  2694 | D:3      | Noticed Crazy Yiuf
  2942 | D:3      | Found a stormy altar of Qazlal.
  3201 | D:3      | Killed Crazy Yiuf
  4124 | D:4      | Found a basalt altar of Yredelemnul.
  4158 | D:4      | Identified the ring "Onni" {Fly rF+ Str+3}
  4354 | D:4      | Found a broken altar of Ashenzari.
  4358 | D:4      | Saw a vision of the Shoals and the Spider Nest.
  4358 | D:4      | Noticed a merfolk
  4358 | D:4      | Noticed a wind drake
  4358 | D:4      | Noticed a merfolk
  4358 | D:4      | Noticed a merfolk siren
  4358 | D:4      | Noticed a hornet
  4358 | D:4      | Noticed a sea snake
  4358 | D:4      | Noticed a merfolk
  4358 | D:4      | Noticed a merfolk
  4358 | D:4      | Noticed a sea snake
  4358 | D:4      | Noticed a sea snake
  4358 | D:4      | Noticed a redback
  4668 | D:5      | Entered Level 5 of the Dungeon
  4672 | D:5      | Noticed Pikel
  4691 | D:5      | Reached XP level 7. HP: 39/63 MP: 7/7
  4704 | D:5      | Killed Pikel
  4705 | D:5      | Reached skill level 5 in Armour
  4708 | D:5      | Reached XP level 8. HP: 9/71 MP: 8/8
  5784 | D:5      | Found a burning altar of Makhleb.
  5784 | D:5      | Found a shimmering altar of Xom.
  6072 | D:5      | Found a staircase to the Ecumenical Temple.
  6079 | Temple   | Entered the Ecumenical Temple
  6100 | Temple   | Fell from the grace of Ignis
  6100 | Temple   | Became a worshipper of Trog the Wrathful
  6379 | D:6      | Found a white marble altar of Elyvilon.
  6484 | D:6      | Noticed a two-headed ogre
  6493 | D:6      | Killed a two-headed ogre
  6494 | D:6      | Reached XP level 9. HP: 32/82 MP: 9/9
  6630 | D:6      | You are sucked into a shaft and drop 1 floor!
  7254 | D:7      | Reached skill level 5 in Dodging
  7311 | D:7      | Reached * piety under Trog
  7356 | D:7      | Slain by a fire elemental

Illustrated notes

Levels and vault maps discovered:
D:1:      lemuel_arrival_river_ford, layout_loops_ring, serial_shops, shop,
          hangedman_decor_diamond_cutter, kennysheep_another_room, minivault_11
D:2:      layout_rooms, hellmonk_ecumenical_altar_pennies_from_heaven,
          serial_shops, nicolae_lakefront_shop, uniq_robin
D:3:      cheibrodos_thug_alley, layout_rooms, grunt_qazlal_clouds,
          serial_co_window_serial, co_window_paths_b, co_window_paths_a,
          co_window_paths_a, co_window_cross_1, co_window_corner_a,
          co_window_corner_b, co_window_of_opportunity_b, co_window_cross_3,
          co_window_4corner_a, glass_columns_b, glass_columns_a,
          glass_columns_c, glass_columns_c, glass_columns_a,
          uniq_crazy_yiuf_cottage
D:4:      layout_basic, grunt_ashenzari_visionary
          [grunt_ashenzari_visionary_shoals, grunt_ashenzari_visionary_spider],
          nicolae_overflow_hidden_temple
D:5:      layout_rooms, grunt_temple_overflow_champion_of_chaos, temple_green,
          minmay_strange_pillars, item_on_display_a, uniq_pikel
D:6:      layout_basic, nicolae_elyvilon_temple_path, dk_rats_in_the_wall
D:7:      layout_loops_corners, kennysheep_generic_room_10
Temple:   cyrus_circular_temple

Skill      XL: |  1  2  3  4  5  6  7  8  9 |
---------------+----------------------------+-----
Armour         | 1 2 3 4 5 8 |  8.3
Fighting       | 4 5 6 8 9 |  9.2
Axes           | 4 5 6 7 8 9 |  9.2
Dodging        | 1 2 3 4 5 |  5.1
Spellcasting   | |  1.0
Fire Magic     | |  2.1

Action                   |  1- 3 |  4- 6 |  7- 9 || total
-------------------------+-------+-------+-------++-------
Melee: Hand axe          |    87 |   165 |   180 ||   432
       Headbutt          |    10 |    27 |    45 ||    82
       Punch             |       |     4 |     2 ||     6
Invok: Fiery Armour      |     1 |     1 |     1 ||     3
       Rising Flame      |       |     1 |       ||     1
       Foxfire Swarm     |       |       |     1 ||     1
       Berserk           |       |       |     1 ||     1
  Use: Scroll            |     3 |     3 |     5 ||    11
       Potion            |       |       |     2 ||     2
 Stab: Distracted        |     1 |       |       ||     1
Armor: Scale mail        |    51 |     2 |       ||    53
       Robe              |     5 |       |       ||     5
       Ring mail         |       |    33 |       ||    33
       Plate armour      |       |    45 |   135 ||   180
Dodge: Dodged            |    58 |    52 |    67 ||   177

Table legend: (Time is in decaauts)
 A = Elapsed time spent in this place.
 B = Non-inter-level travel time spent in this place.
 C = Inter-level travel time spent in this place.
 D = Time resting spent in this place.
 E = Time spent auto-exploring this place.
 F = Levels seen in this place.
 G = Mean time per level.
                   A        B        C        D        E       F      G
               +--------+--------+--------+--------+--------+-----+--------+
         Total |   7371 |   7274 |     97 |    604 |   5203 |   8 |  921.4 |
       Dungeon |   7340 |   7243 |     97 |    604 |   5203 |   7 | 1048.6 |
        Temple |     30 |     30 |      0 |      0 |      0 |   1 |   30.0 |
               +--------+--------+--------+--------+--------+-----+--------+

Top non-repeatable levels by time:
     D:3: 1592 daAuts
     D:4: 1467 daAuts
     D:1: 1321 daAuts
     D:5: 1105 daAuts
     D:7: 719 daAuts
     D:2: 692 daAuts
     D:6: 443 daAuts
  Temple: 30 daAuts
